 Dungeon Crawl Stone Soup version 0.18-a0-844-g9229740 (webtiles) character file.

181 JokEr the Ducker (level 5, 0/41 HPs)
             Began as a Merfolk Gladiator on Dec 18, 2015.
             Slain by Natasha (6 damage)
             ... on level 2 of the Dungeon.
             The game lasted 00:03:10 (2397 turns).

JokEr the Ducker (Merfolk Gladiator)                Turns: 2397, Time: 00:03:11

Health: 0/41       AC: 11    Str: 16    XL:     5   Next: 61%
Magic:  5/5        EV:  9    Int:  7    God:
Gold:   82         SH:  0    Dex: 15    Spells: 0 memorised, 4 levels left

rFire  . . .     SeeInvis .     a - +0 long sword
rCold  . . .     Gourm    .     c - +0 chain mail
rNeg   . . .     Faith    .     (no shield)
rPois  .         Spirit   .     e - +2 helmet
rElec  .         Dismiss  .     (no cloak)
rCorr  .         Reflect  .     (no gloves)
SustAt .         Harm     .     (no boots)
MR     .....                    (no amulet)
Stlth  ..........               (no ring)
                                (no ring)

@: slowed, very slow, not resistant to hostile enchantments, extremely
unstealthy
A: change form in water, swift swim
a: no special abilities


You were on level 2 of the Dungeon.
You were not hungry.

You visited 1 branch of the dungeon, and saw 2 of its levels.

You collected 82 gold pieces.

Inventory:

Hand Weapons
 a - a +0 long sword (weapon)
Missiles
 d - 3 throwing nets (quivered)
Armour
 c - a +0 chain mail (worn)
 e - a +2 helmet (worn)
Jewellery
 o - an uncursed ring of poison resistance {unknown}
Scrolls
 g - a scroll of blinking {unknown}
 j - a scroll of amnesia
 k - a scroll of remove curse {unknown}
 l - a scroll of random uselessness {unknown}
 m - a scroll of teleportation {unknown}
 q - a scroll of enchant weapon {unknown}
Potions
 h - 3 potions of curing {unknown}
 i - a potion of invisibility {unknown}
 p - a potion of haste {unknown}
Comestibles
 b - 3 fruits
 f - 5 bread rations
 n - a royal jelly


   Skills:
 + Level 3.0 Fighting
 + Level 4.8 Long Blades
 + Level 2.3 Throwing
 + Level 1.2 Armour
 + Level 5.3 Dodging
 + Level 0.2 Stealth


You had 4 spell levels left.
You didn't know any spells.

Dungeon Overview and Level Annotations

Branches:
Dungeon (2/15)

Altars:
Makhleb
Xom

Annotations:
D:2 Natasha


Message History

Your chain mail prevents you from hitting Natasha.
Natasha is almost dead.
Natasha closely misses you. x2
Natasha barely misses you.
You hit Natasha but do no damage.
Natasha is almost dead.
Natasha claws you. Natasha claws you!
You closely miss Natasha.
Natasha is almost dead.
Natasha stares at you and mumbles some strange words.
The magic dart hits you!
Natasha stares at you and mumbles some strange words.
You resist with some effort. Natasha claws you.
You closely miss Natasha.
Natasha is almost dead.
Natasha claws you!
* * * LOW HITPOINT WARNING * * *
Natasha stares at you and mumbles some strange words.
The magic dart hits you! Natasha claws you.
You die...

.....##.# ##.# #.# #...
.....+..# #. #.# #.# #...
.....##.# #. #.## #.# #...
.######.# .. #..# #.# #...
.# #.# #. ##.# #.# #### .#
### #. #.# #.# .#
#.#####.####.# .#
#h#.#........# .# ##
#.@.#.##.###.###### .#
#......#.#+##..#........ .#
#.##.#.#.....#.#..###### .#
#######.##.#.##....#....#
.###..........#.##....##...#
...........# #.##....##...#
####.#.....# #.###........#
#.##.##.####.###.####...#
#.##.##.....†....# ##..#


You could see Natasha.

Vanquished Creatures
  2 jellies (D:2)
  3 gnolls (D:2)
  7 adders (D:2)
  7 goblins
  3 hobgoblins
  4 kobolds (D:2)
  A sheep (D:2)
  5 bats
  A giant newt (D:1)
  3 jackals (D:2)
  5 rats
41 creatures vanquished.

Notes
Turn   | Place    | Note
--------------------------------------------------------------
     0 | D:1      | JokEr the Merfolk Gladiator began the quest for the Orb.
     0 | D:1      | Reached XP level 1. HP: 16/16 MP: 1/1
   219 | D:1      | Reached XP level 2. HP: 22/22 MP: 2/2
   692 | D:2      | Found a shimmering altar of Xom.
   813 | D:2      | Reached XP level 3. HP: 19/28 MP: 3/3
  1071 | D:2      | Found a faded altar to an unknown god.
  1078 | D:2      | Reached XP level 4. HP: 31/34 MP: 4/4
  1215 | D:2      | Reached skill level 5 in Dodging
  1726 | D:2      | Reached XP level 5. HP: 21/40 MP: 5/5
  2100 | D:2      | Found a burning altar of Makhleb.
  2121 | D:2      | Reached skill level 1 in Armour
  2382 | D:2      | Noticed Natasha
  2397 | D:2      | Slain by Natasha

Vault maps used:
D:1:      mrwooster_arrival_statue_3, kennysheep_doodads
D:2:      bloody_makhleb, first_bread, ecumenical_altar_2, dk_xom_monty_hall,
          uniq_natasha

Action                   |  1- 3 |  4- 6 || total
-------------------------+-------+-------++-------
Melee: Long sword        |    80 |    82 ||   162
  Use: Scroll            |     2 |       ||     2
 Stab: Sleeping          |     1 |       ||     1
  Eat: Fruit             |       |     2 ||     2
       Chunk             |       |     3 ||     3
